 Dungeon Crawl Stone Soup version 0.20.0-15-g7f486f2 (webtiles) character file.

16212 asdasd2 the Severer (level 12, 0/112 HPs)
             Began as a Minotaur Fighter on June 11, 2017.
             Was the Champion of Okawaru.
             Slain by a catoblepas (12 damage)
             ... on level 13 of the Dungeon.
             The game lasted 00:20:41 (10862 turns).

asdasd2 the Severer (Minotaur Fighter)             Turns: 10862, Time: 00:20:42

Health: 0/112      AC: 19    Str: 24    XL:     12   Next: 8%
Magic:  11/11      EV:  6    Int:  5    God:    Okawaru [******]
Gold:   842        SH: 10    Dex: 12    Spells: 11/11 levels left

rFire    + . .     SeeInvis .   a - +1 war axe
rCold    . . .     Gourm    .   c - +0 shield
rNeg     + . .     Faith    +   O - +0 plate armour
rPois    .         Spirit   .   (helmet restricted)
rElec    .         Reflect  .   u - +1 cloak
rCorr    .         Harm     .   (no gloves)
MR       .....                  o - +0 pair of boots
Stlth    ..........             m - amulet of faith
Regen    0.3/turn               Q - ring of positive energy
MPRegen  0.2/turn               A - ring of protection from fire

@: no status effects
A: retaliatory headbutt, horns 2
a: Heroism, Finesse, Renounce Religion


You were on level 13 of the Dungeon.
You worshipped Okawaru.
Okawaru was exalted by your worship.
You were near starving.

You visited 2 branches of the dungeon, and saw 14 of its levels.

You collected 842 gold pieces.

Inventory:

Hand Weapons
 a - a +1 war axe (weapon)
Armour
 c - a +0 shield (worn)
 o - a +0 pair of boots (worn)
 u - a +1 cloak (worn)
 v - a +0 chain mail
 O - a +0 plate armour (worn)
Jewellery
 m - an amulet of faith (around neck)
 w - an uncursed ring of wizardry
 y - an uncursed amulet of rage {unknown}
 z - an uncursed ring of ice
 A - a ring of protection from fire (right hand)
 E - an uncursed ring of stealth
 Q - a ring of positive energy (left hand)
Wands
 h - a wand of iceblast (3/15)
 i - a wand of lightning (7/15)
 G - a wand of random effects (6/48)
 J - a wand of random effects (3/48)
 M - a wand of disintegration (10/24)
Scrolls
 e - 3 scrolls of blinking
 n - a scroll of fog
 p - a scroll of enchant armour
 q - 7 scrolls of teleportation
 t - 3 scrolls of remove curse
 x - 2 scrolls of amnesia
 C - a scroll of magic mapping
 R - a scroll of fear
Potions
 d - 5 potions of flight
 j - 2 potions of lignification
 k - 4 potions of magic
 l - 4 potions of heal wounds
 r - a potion of mutation
 s - 7 potions of curing
 H - a potion of ambrosia {unknown}
 K - a potion of resistance {unknown}
 L - a potion of brilliance {unknown}
 N - a potion of cancellation
Books
 b - a book of Changes

   Spells                             Type                      Level
   a - Beastly Appendage              Transmutation                1
   b - Sticks to Snakes               Transmutation                2
   c - Spider Form                    Transmutation/Poison         3
   d - Ice Form                       Ice/Transmutation            4
   e - Blade Hands                    Transmutation                5
 F - a book of Callings

   Spells                             Type                      Level
   a - Summon Small Mammal            Summoning                    1
   b - Call Imp                       Summoning                    2
   c - Call Canine Familiar           Summoning                    3
   d - Summon Guardian Golem          Hexes/Summoning              3
   e - Summon Lightning Spire         Summoning/Air                4
   f - Summon Ice Beast               Ice/Summoning                4
 I - a book of Geomancy

   Spells                             Type                      Level
   a - Sandblast                      Earth                        1
   b - Passwall                       Transmutation/Earth          2
   c - Stone Arrow                    Conjuration/Earth            3
   d - Petrify                        Transmutation/Earth          4
   e - Lee's Rapid Deconstruction     Earth                        5
 P - a book of Minor Magic

   Spells                             Type                      Level
   a - Magic Dart                     Conjuration                  1
   b - Blink                          Translocation                2
   c - Call Imp                       Summoning                    2
   d - Slow                           Hexes                        2
   e - Conjure Flame                  Conjuration/Fire             3
   f - Mephitic Cloud                 Conjuration/Poison/Air       3
Comestibles
 f - 3 bread rations
 g - 12 meat rations
 B - 7 fruits
 D - 4 royal jellies


   Skills:
 + Level 11.9 Fighting
 + Level 16.1 Axes
 + Level 12.0 Armour
 - Level 1.4 Dodging
 - Level 3.6 Shields
 + Level 0.4 Invocations


You had 11 spell levels left.
You didn't know any spells.

Dungeon Overview and Level Annotations

Branches:
Dungeon (13/15)            Temple (1/1) D:7            Lair (0/6) D:8
    Orc (0/2) D:11
 Vaults: D:13-14

Altars:
Ashenzari
Cheibriados
Dithmenos
Elyvilon
Fedhas
Gozag
Hepliaklqana
Kikubaaqudgha
Makhleb
Nemelex Xobeh
Okawaru
Qazlal
Ru
Sif Muna
Trog
Uskayaw
Vehumet
Xom
Yredelemnul
Zin
The Shining One

Shops:
D:10 (

Portals:
Trove: D:12 (give +4 ice dragon scales)


Innate Abilities, Weirdness & Mutations

You reflexively headbutt those who attack you in melee.
You have a pair of horns on your head.


Message History

You hit the catoblepas but do no damage.
The catoblepas is severely wounded.
Unknown command.
You slash the catoblepas!
The catoblepas is almost dead.
You block the catoblepas's attack.
Your shield and plate armour prevent you from hitting the catoblepas.
Your headbutt misses the catoblepas.
The catoblepas is almost dead.
The catoblepas breathes a plume of calcifying dust at you.
The blast of calcifying dust hits you!
* * * LOW HITPOINT WARNING * * *
The catoblepas gores you!!
* * * LOW HITPOINT WARNING * * *
Things that are here:
an uncursed shortbow; 19 arrows You slash the catoblepas!
You headbutt the catoblepas.
The catoblepas is almost dead.
The catoblepas gores you!
You die...

#############
##)....#.....##
##..>....<.....#
#...(.(..........
#....(...........
#...(...........#
#...............#
#............}..#
#..@Y)..........# ##
##..§...........##..
##.§......(.......#
#..§.............#
#..§.............#
#[.§.............#
#..§.%.....§§§...#
#................#
#............Yy..#


You could see a catoblepas.

Vanquished Creatures
  A centaur warrior (D:12)
  A two-headed ogre (D:8)
  The ghost of Scuka the Markscentaur, a novice CeHu of Okawaru (D:9)
  An unseen horror (D:12)
  The ghost of armaa the Transmogrifier, a novice OpTm of Cheibriados (D:8)
  A wolf spider zombie (D:12)
  2 cyclopes (D:12)
  2 ugly things (D:11)
  A manticore (D:11)
  Joseph (D:7)
  2 rime drakes (D:12)
  2 trolls
  A hornet (D:8)
  3 slime creatures (D:12)
  A hippogriff (D:11)
  A shadow (D:11)
  17 yaks
  A wraith (D:12)
  4 hungry ghosts
  4 wargs (D:11)
  A soldier ant (D:8)
  2 hell hounds (D:8)
  4 orc warriors
  3 sky beasts
  3 ice beasts
  A black bear (D:11)
  A necrophage (D:13)
  7 ogres
  2 phantoms
  A crocodile (D:12)
  A centaur (D:13)
  2 big kobolds
  8 bullfrogs
  3 scorpions
  6 wights
  8 killer bees
  3 howler monkeys
  A bullfrog zombie (D:7)
  2 crimson imps
  A centaur zombie (D:12)
  A jelly (D:8)
  3 hounds
  2 centaur skeletons (D:7)
  6 orc priests
  2 orc wizards (D:5)
  Crazy Yiuf (D:5)
  A bullfrog skeleton (D:5)
  6 iguanas
  5 worker ants
  A worker ant zombie (D:9)
  7 gnolls
  8 adders
  3 shadow imps
  2 oozes (D:1)
  2 adder skeletons
  2 worms (D:3)
  2 dart slugs
  5 leopard geckos
  43 orcs
  6 giant cockroaches
  11 goblins
  6 hobgoblins
  17 jackals
  5 quokkas
  2 ball pythons
  12 bats
  7 frilled lizards
  21 kobolds
  2 quokka skeletons (D:5)
  A quokka zombie (D:9)
  4 rats
304 creatures vanquished.

Vanquished Creatures (others)
  A bat (D:3)
  2 jackals (D:3)
  4 toadstools (D:1)
7 creatures vanquished.

Grand Total: 311 creatures vanquished

Notes
Turn   | Place    | Note
-------+----------+-------------------------------------------
     0 | D:1      | asdasd2 the Minotaur Fighter began the quest for the Orb.
     0 | D:1      | Reached XP level 1. HP: 19/19 MP: 0/0
   127 | D:1      | Reached XP level 2. HP: 24/27 MP: 1/1
   261 | D:1      | Reached skill level 3 in Axes
   411 | D:1      | Reached XP level 3. HP: 32/33 MP: 2/2
   566 | D:1      | Reached skill level 1 in Dodging
   975 | D:2      | Reached XP level 4. HP: 24/41 MP: 3/3
  1566 | D:3      | Reached skill level 4 in Axes
  1630 | D:3      | Reached XP level 5. HP: 39/47 MP: 4/4
  1983 | D:3      | Reached skill level 5 in Fighting
  2278 | D:4      | Noticed an ogre
  2282 | D:4      | Killed an ogre
  2282 | D:4      | Reached skill level 5 in Axes
  2386 | D:4      | Reached XP level 6. HP: 56/56 MP: 5/5
  2409 | D:4      | Reached skill level 6 in Axes
  2756 | D:4      | Reached skill level 5 in Armour
  2921 | D:5      | Entered Level 5 of the Dungeon
  2928 | D:5      | Reached XP level 7. HP: 44/61 MP: 6/6
  2972 | D:5      | Reached skill level 7 in Axes
  3732 | D:5      | Found a runed door.
  3782 | D:5      | Noticed Crazy Yiuf
  3789 | D:5      | Killed Crazy Yiuf
  3837 | D:6      | Reached skill level 8 in Axes
  3945 | D:6      | Reached XP level 8. HP: 50/70 MP: 7/7
  4184 | D:6      | Reached skill level 9 in Axes
  4628 | D:7      | Reached skill level 10 in Axes
  4928 | D:7      | Reached XP level 9. HP: 79/79 MP: 8/8
  5107 | D:7      | Noticed Joseph
  5118 | D:7      | Killed Joseph
  5118 | D:7      | Reached skill level 11 in Axes
  5155 | D:7      | Found a staircase to the Ecumenical Temple.
  5188 | Temple   | Entered the Ecumenical Temple
  5234 | Temple   | Became a worshipper of Warmaster Okawaru
  5341 | D:8      | Noticed armaa's ghost (novice OpTm)
  5351 | D:8      | Killed armaa's ghost
  5351 | D:8      | Reached * piety under Okawaru
  5569 | D:8      | Noticed a two-headed ogre
  5576 | D:8      | Killed a two-headed ogre
  5576 | D:8      | Reached ** piety under Okawaru
  5576 | D:8      | Reached skill level 12 in Axes
  5718 | D:8      | Reached XP level 10. HP: 85/90 MP: 9/9
  5821 | D:8      | Found a staircase to the Lair.
  5917 | D:8      | Reached *** piety under Okawaru
  5917 | D:8      | Reached skill level 13 in Axes
  6483 | D:9      | Noticed Scuka's ghost (novice CeHu)
  6513 | D:9      | Killed Scuka's ghost
  6846 | D:9      | Reached skill level 10 in Armour
  7107 | D:9      | Reached **** piety under Okawaru
  7351 | D:9      | Reached skill level 14 in Axes
  7569 | D:10     | Entered Level 10 of the Dungeon
  7649 | D:10     | Found Xaiguax's Weapon Shoppe.
  7901 | D:10     | Found a bloodstained altar of Trog.
  8434 | D:11     | Noticed a brown ugly thing
  8459 | D:11     | Killed a brown ugly thing
  8459 | D:11     | Reached skill level 10 in Fighting
  8624 | D:11     | Reached XP level 11. HP: 97/99 MP: 10/10
  8698 | D:11     | Found a staircase to the Orcish Mines.
  8741 | D:11     | Reached ***** piety under Okawaru
  8943 | D:11     | Noticed a green ugly thing
  8961 | D:11     | Killed a green ugly thing
  9286 | D:12     | Reached skill level 15 in Axes
  9540 | D:12     | Found a portal to a secret trove of treasure.
  9674 | D:12     | Reached ****** piety under Okawaru
  9677 | D:12     | Received a gift from Okawaru
  9789 | D:12     | Killed an unseen horror
  9860 | D:12     | Noticed a centaur warrior
  9870 | D:12     | Killed a centaur warrior
 10015 | D:12     | Found a sparkling altar of Nemelex Xobeh.
 10155 | D:12     | Reached XP level 12. HP: 67/112 MP: 11/11
 10185 | D:12     | Reached skill level 16 in Axes
 10295 | D:12     | Found an ancient bone altar of Kikubaaqudgha.
 10380 | D:13     | Noticed a catoblepas
 10862 | D:13     | Slain by a catoblepas

Skill      XL: |  1  2  3  4  5  6  7  8  9 10 11 12 |
---------------+-------------------------------------+-----
Fighting       | 4 5 6 7 8 10 11 | 11.9
Armour         | 4 5 6 7 9 10 11 12 | 12.0
Axes           | 3 4 5 6 8 10 12 14 15 16 | 16.1
Dodging        | 1 |  1.4
Shields        | |  3.6
Invocations    | |  0.4

Action                   |  1- 3 |  4- 6 |  7- 9 | 10-12 || total
-------------------------+-------+-------+-------+-------++-------
Melee: War axe           |   100 |   133 |   234 |   579 ||  1046
       Headbutt          |    10 |    20 |    42 |   123 ||   195
Invok: Heroism           |       |       |       |     2 ||     2
  Use: Scroll            |       |    14 |     5 |     4 ||    23
       Potion            |       |     1 |     1 |     1 ||     3
 Stab: Petrified         |       |       |       |     4 ||     4
  Eat: Chunk             |       |     4 |     2 |     4 ||    10
       Fruit             |       |     1 |       |     8 ||     9
       Bread ration      |       |       |     2 |       ||     2
       Royal jelly       |       |       |       |     7 ||     7
Armor: Scale mail        |    56 |    41 |    19 |       ||   116
       Chain mail        |       |       |    61 |   223 ||   284
       Plate armour      |       |       |       |    34 ||    34
Dodge: Dodged            |    39 |    37 |    37 |    90 ||   203
Block: Shield            |    49 |    52 |    93 |   203 ||   397
